 Dungeon Crawl Stone Soup version 0.19.1-1-g22dce08 (webtiles) character file.

42 SQman the Skirmisher (level 3, -2/31 HPs)
             Began as a Draconian Fighter on Dec 28, 2016.
             Slain by bosm's ghost (5 damage)
             ... on level 3 of the Dungeon.
             The game lasted 00:07:44 (1524 turns).

SQman the Skirmisher (Draconian Fighter)            Turns: 1524, Time: 00:07:45

Health: -2/31      AC:  6    Str: 19    XL:     3   Next: 33%
Magic:  12/12      EV: 10    Int:  8    God:    Xom [......]
Gold:   104        SH: 11    Dex: 10    Spells: 0 memorised, 2 levels left

rFire  . . .     SeeInvis .     a - +0 long sword
rCold  . . .     Gourm    .     (armour unavailable)
rNeg   . . .     Faith    .     b - +2 shield
rPois  .         Spirit   .     (helmet restricted)
rElec  .         Reflect  .     j - +0 cloak
rCorr  .         Harm     .     (no gloves)
MR     .....                    (no boots)
Stlth  +.........               (no amulet)
                                (no ring)
                                h - ring of magical power

@: no status effects
A: unfitting armour, cold-blooded, AC +5
a: Renounce Religion


You were on level 3 of the Dungeon.
You worshipped Xom.
You were a very special plaything of Xom.
You were not hungry.

You visited 1 branch of the dungeon, and saw 3 of its levels.

You collected 104 gold pieces.

Inventory:

Hand Weapons
 a - a +0 long sword (weapon)
Armour
 b - a +2 shield (worn)
 g - a +0 shield
 j - a +0 cloak (worn)
Jewellery
 h - a ring of magical power (left hand)
Scrolls
 f - a scroll of amnesia
 l - a scroll of remove curse
Potions
 c - a potion of might
 e - a potion of magic
Comestibles
 d - 2 bread rations
 i - a chunk of flesh
 k - a slice of pizza
 m - a meat ration


   Skills:
 + Level 3.5 Fighting
 + Level 2.4 Long Blades
 + Level 3.3 Dodging
 + Level 0.2 Stealth
 + Level 3.3 Shields


You had 2 spell levels left.
You didn't know any spells.

Dungeon Overview and Level Annotations

Branches:
Dungeon (3/15)

Altars:
Ashenzari
Trog
Xom

Annotations:
D:3 bosm's ghost, amateur DsGl


Innate Abilities, Weirdness & Mutations

Your plain brown scales are hard. (AC +5)
You cannot fit into any form of body armour.
You are cold-blooded and may be slowed by cold attacks.


Message History

Xom makes a sudden noise!
You hear a crunching sound.
Bosm's ghost closely misses you.
Bosm's ghost whispers, "Meet the emptiness of death!"
Bosm's ghost hits you!
A shower of butterflies erupts from you!
You see here a club.
You hit bosm's ghost but do no damage.
Your tail-slap misses bosm's ghost.
Bosm's ghost hits you!
* * * LOW HITPOINT WARNING * * *
Bosm's ghost hits you.
* * * LOW HITPOINT WARNING * * *
You hit bosm's ghost.
Your tail-slap misses bosm's ghost.
Bosm's ghost is lightly damaged.
Bosm's ghost hits you.
* * * LOW HITPOINT WARNING * * *
You hit bosm's ghost but do no damage.
Bosm's ghost is lightly damaged.
Bosm's ghost hits you.
You die...
Xom titters!

#### #..# #..#
#..# #..# ###
#bb# #.###W.#
#....@.#..
#.####.#..
#.#....#.#
#.#.####.#
#.#.####.#
#......#.#####
###.##.#.....#
...#.....##
#####..#..<#


You could see bosm's ghost.

Vanquished Creatures
  An adder (D:2)
  A worm (D:2)
  4 leopard geckos
  2 bats
  A giant cockroach (D:3)
  3 hobgoblins
  2 kobolds
  3 frilled lizards
  5 goblins
  5 rats
27 creatures vanquished.

Notes
Turn   | Place    | Note
-------+----------+-------------------------------------------
     0 | D:1      | SQman the Draconian Fighter began the quest for the Orb.
     0 | D:1      | Reached XP level 1. HP: 19/19 MP: 1/1
   377 | D:1      | Found a shattered altar of Ashenzari.
   401 | D:1      | Reached XP level 2. HP: 26/26 MP: 2/2
   835 | D:2      | Found a shimmering altar of Xom.
   835 | D:2      | Found a faded altar of an unknown god.
   843 | D:2      | Found a bloodstained altar of Trog.
   846 | D:2      | Found a shattered altar of Ashenzari.
   849 | D:2      | Found a faded altar of an unknown god.
   865 | D:2      | Became a worshipper of Xom of Chaos
  1182 | D:2      | XOM: divination: magic mapping
  1184 | D:2      | Reached XP level 3. HP: 31/31 MP: 3/3
  1518 | D:3      | Noticed bosm's ghost (amateur DsGl)
  1520 | D:3      | XOM: noise
  1521 | D:3      | XOM: butterfly on damage
  1524 | D:3      | Slain by bosm's ghost

Skill      XL: |  1 |
---------------+----+-----
Dodging        | 3 |  3.3
Fighting       | |  3.5
Long Blades    | |  2.4
Stealth        | |  0.2
Shields        | |  3.3

Action                   || total
-------------------------++-------
Melee: Long sword        ||    78
       Tailslap          ||    11
  Use: Scroll            ||     9
       Potion            ||     2
  Eat: Chunk             ||     2
Armor: Skin              ||    17
Dodge: Dodged            ||    29
Block: Shield            ||    36
       Rpst.: Long sword ||    10
